AoeStats
← Křovák

Runestones

508236776Analyzed
1v1 RM · 11d ago on Sep 21, 2026· 39m 43s· 2 players
Game mode
Random Map
Map size
Tiny (2 player)
Population
200
Speed
Normal
Resources
Standard
Victory
Conquest
Starting age
Dark Age
Ending age
Imperial Age
RankedLock teamsTeams togetherTeam positionsShared explorationLock speedFull tech treeHidden civsTurbo modeCheats
Victory
Defeat
🇧🇴 Sicilians · Bolivia
910
+14
🇨🇿 Byzantines · Czechia
875
-14
Křovák
7:36 Loom
10:20 Feudal Age
11:24 Double-Bit Axe
12:34 Horse Collar
18:17 Fletching
23:34 Castle Age
25:16 Bodkin Arrow
25:22 Padded Archer Armor
27:21 Leather Archer Armor
28:31 Bow Saw
28:23 Heavy Plow
30:30 Crossbowman
34:25 Ballistics
37:15 Imperial Age
35:20 Wheelbarrow
37:08 Gold Mining
axelbex123
12:53 Feudal Age
17:10 Castle Age
15:32 Double-Bit Axe
15:30 Horse Collar
18:21 Heavy Plow
19:09 Loom
22:41 Bow Saw
24:00 Wheelbarrow
28:39 First Crusade
28:43 Scale Mail Armor
29:15 Hand Cart
28:58 Stone Mining
29:01 Gold Mining
29:42 Chain Mail Armor
30:23 Town Watch
33:47 Imperial Age
31:50 Squires
31:36 Arson
32:05 Forging
33:45 Iron Casting
33:10 Fletching
34:14 Stone Shaft Mining
34:15 Gold Shaft Mining
33:51 Elite Serjeant
35:04 Plate Mail Armor
35:34 Blast Furnace
37:42 Blast Furnace
36:38 Bodkin Arrow
41:17 Chemistry
Connection lost

Rejoining the realm…

Still unreachable

The connection could not be restored.

Session expired

The server has moved on; the page needs a fresh start.